 Dungeon Crawl Stone Soup version 0.23.2-1-ga50397a6bc (webtiles) character file.

Game seed: 3361339271874712577

2863 Gargoyl the Covered (level 9, -8/74 HPs)
             Began as a Centaur Abyssal Knight on May 29, 2019.
             Was an Elder of Lugonu.
             Mangled by a wyvern (14 damage)
             ... on level 7 of the Dungeon.
             The game lasted 00:14:56 (10303 turns).

Gargoyl the Covered (Centaur Abyssal Knight)       Turns: 10303, Time: 00:14:57

Health: -8/74      AC: 12    Str: 16      XL:     9   Next: 47%
Magic:  11/11      EV:  6    Int: 10 (11) God:    Lugonu [****..]
Gold:   541        SH:  0    Dex: 16      Spells: 8/8 levels left

rFire    . . .     SeeInvis .   a - +2 hand axe
rCold    + . .     Gourm    .   (no shield)
rNeg     . . .     Faith    .   g - +0 chain mail
rPois    .         Spirit   .   (no helmet)
rElec    +         Reflect  .   (no cloak)
rCorr    .         Harm     .   w - +2 pair of gloves
MR       .....                  (no barding)
Stlth    ..........             (no amulet)
HPRegen  0.22/turn              o - +5 ring of dexterity
MPRegen  0.12/turn              d - ring of protection from cold

@: very quick
A: large, hooves 3, blurry vision 1, deformed body, deterioration 1, speed 2,
low mp 1, electricity resistance, tough skin 3
a: Depart the Abyss, Bend Space, Banish, Corrupt, Renounce Religion


You were on level 7 of the Dungeon.
You worshipped Lugonu.
Lugonu was greatly pleased with you.
You were not hungry.

You visited 1 branch of the dungeon, and saw 8 of its levels.
You visited the Abyss 1 time.
You also visited: Ossuary.

You collected 541 gold pieces.

Inventory:

Hand Weapons
 a - a +2 hand axe (weapon)
 x - a +0 war axe
Missiles
 y - 5 silver tomahawks (quivered)
Armour
 g - a +0 chain mail (worn)
 w - a +2 pair of gloves (worn)
Jewellery
 d - a ring of protection from cold (right hand)
 n - an uncursed ring of protection from cold
 o - a +5 ring of dexterity (left hand)
Scrolls
 b - 4 scrolls of amnesia
 e - 5 scrolls of teleportation
 f - 4 scrolls of identify
 h - a scroll of fear
 j - a scroll of remove curse
 t - a scroll of blinking
 A - a scroll of magic mapping
Potions
 i - 4 potions of flight
 k - a potion of agility
 l - a potion of cancellation
 m - 5 potions of haste
 p - 2 potions of berserk rage
 q - a potion of lignification
 r - a potion of resistance
 s - 4 potions of heal wounds
 u - 2 potions of curing
 v - a potion of might
Comestibles
 c - 14 rations


   Skills:
 + Level 5.4 Fighting
 + Level 6.1 Axes
 * Level 6.1 Armour
 * Level 3.6 Dodging
 * Level 5.7 Invocations


You had 8 spell levels left.
You didn't know any spells.
Your spell library contained the following spells:

 Spells                   Type           Power        Failure   Level  Hunger
 Corona                   Hex            #......      99%         1    ##.....
 Ensorcelled Hibernation  Hex/Ice        #.....       100%        2    ###....
 Confuse                  Hex            #.......     100%        3    ####...
 Dazzling Spray           Conj/Hex       #.....       100%        3    ####...
 Tukima's Dance           Hex            #.......     100%        3    ####...


Dungeon Overview and Level Annotations

Branches:
Dungeon (8/15)             Temple (0/1) D:4
   Lair: D:8-11

Altars:
Ashenzari
Elyvilon
Kikubaaqudgha
Makhleb
Nemelex Xobeh
Okawaru
Wu Jian
Xom
The Shining One

Shops:
D:4 ?

Annotations:
D:5 1 runed translucent door, Crazy Yiuf


Innate Abilities, Weirdness & Mutations

You have hooves in place of feet.
Armour fits poorly on your strangely shaped body.
You cover ground very quickly.
You have extremely tough skin. (AC +3)
Scrolls take you a little longer to read.
Your body sometimes deteriorates upon taking damage.
Your magical capacity is low. (-10% MP)
You are resistant to electric shocks. (rElec)


Message History

The wyvern bites you!
* * * LOW HITPOINT WARNING * * *
You barely miss the wyvern. You kick the wyvern.
The wyvern is heavily wounded.
The wyvern closely misses you. The wyvern bites you!
* * * LOW HITPOINT WARNING * * *
Your chain mail prevents you from hitting the wyvern.
Your kick misses the wyvern.
The wyvern is heavily wounded.
The wyvern bites you.
* * * LOW HITPOINT WARNING * * *
You hit the wyvern but do no damage.
The wyvern is heavily wounded.
The wyvern bites you.
* * * LOW HITPOINT WARNING * * *
The wyvern bites you but does no damage.
You hit the wyvern. Your kick misses the wyvern.
The wyvern is severely wounded.
The wyvern bites you!
You die...

..................+..............
..###.####.....####..........###.
......# #.##.## ##.......#.####
#.##### #.#### ##..<..##.##.. #.#
#.# ##...###.##.# #.# ##.## ##+##
#.##.# #?# ##...## #.# #.##.# #.#
#.#.#.##########.# #..... #.#
#.#....[l@....##.## ####.# ..#
#.###.#.###.#.#...## #.# ###
##..>##.# #.#......# #.# ######.#
#.#.#...######.# #.#
#.#.##.........#
#.###......######### #.......####
#########


You could see a wyvern.

Vanquished Creatures
  Sigmund (D:5)
  Menkaure (Ossuary)
  A water moccasin (D:7)
  A black bear (D:6)
  2 ice beasts
  2 phantoms
  A sky beast (D:7)
  3 centaurs
  Blork the orc (D:5)
  2 bullfrogs
  2 scorpions (D:7)
  4 killer bees (D:7)
  2 howler monkeys
  A crimson imp (D:7)
  4 hounds
  6 orc priests
  2 orc wizards (D:7)
  An iron imp (D:5)
  Jessica (D:2)
  Natasha (thrice) (D:3)
  An iguana (D:7)
  3 worker ants
  5 ogre zombies (Ossuary)
  A hound skeleton (D:5)
  4 mummies (Ossuary)
  3 gnolls (D:7)
  10 adders
  A shadow imp (D:6)
  An ooze (D:1)
  3 adder skeletons
  5 adder zombies (Ossuary)
  3 worms
  2 dart slugs (D:1)
  3 leopard geckos
  16 orcs
  2 ball pythons (D:3)
  5 giant cockroaches
  6 goblins
  10 hobgoblins
  11 jackals
  4 quokkas
  14 bats
  3 frilled lizards
  A goblin skeleton (D:5)
  6 goblin zombies
  5 hobgoblin zombies
  4 kobolds (D:1)
  2 kobold skeletons (D:5)
  7 kobold zombies (Ossuary)
  A leopard gecko skeleton (D:4)
  An orc skeleton (D:5)
  A quokka skeleton (D:4)
  A quokka zombie (Ossuary)
  9 rats
  6 rat zombies
201 creatures vanquished.

Vanquished Creatures (others)
  An ogre (D:5)
  A scorpion (D:5)
  An orc wizard (D:5)
  2 mummies (Ossuary)
  2 adders (D:5)
  A giant cockroach (D:5)
8 creatures vanquished.

Grand Total: 209 creatures vanquished

Notes
Turn   | Place    | Note
-------+----------+-------------------------------------------
     0 | Abyss:1  | Gargoyl the Centaur Abyssal Knight began the quest for the
                  | Orb.
     0 | Abyss:1  | Reached XP level 1. HP: 19/19 MP: 2/2
    39 | Abyss:1  | Noticed a large abomination
    62 | Abyss:1  | Noticed a raiju
    62 | Abyss:1  | Noticed a hell hog
    63 | Abyss:1  | Noticed a harpy skeleton
   144 | Abyss:2  | Noticed a wretched star
   145 | D:1      | Escaped the Abyss
   235 | D:1      | Reached * piety under Lugonu
   238 | D:1      | Reached XP level 2. HP: 20/26 MP: 3/3
   586 | D:1      | Reached skill level 1 in Dodging
   586 | D:1      | Reached XP level 3. HP: 29/31 MP: 4/4
  1097 | D:2      | Reached ** piety under Lugonu
  1284 | D:2      | Found an ornate altar of the Wu Jian Council.
  1293 | D:2      | Reached XP level 4. HP: 37/38 MP: 5/5
  1341 | D:2      | Noticed Jessica
  1357 | D:2      | Killed Jessica
  1951 | D:3      | Noticed Natasha
  1962 | D:3      | Killed Natasha
  1962 | D:3      | Reached XP level 5. HP: 15/46 MP: 7/7
  2370 | D:3      | HP: 1/46 [orc priest/nerve-wracking pain (14)]
  2724 | D:3      | Noticed Natasha
  2738 | D:3      | Killed Natasha
  3147 | D:3      | Reached XP level 6. HP: 52/52 MP: 8/8
  3407 | D:3      | Noticed Natasha
  3417 | D:3      | Killed Natasha
  3954 | D:4      | Gained mutation: Your body sometimes deteriorates upon
                  | taking damage. [potion of mutation]
  3954 | D:4      | Gained mutation: Your magical capacity is low. (-10% MP)
                  | [potion of mutation]
  3954 | D:4      | Gained mutation: Scrolls take you a little longer to read.
                  | [potion of mutation]
  3954 | D:4      | Gained mutation: You are resistant to electric shocks.
                  | (rElec) [potion of mutation]
  3961 | D:4      | Found a sparkling altar of Nemelex Xobeh.
  4147 | D:4      | Found a sand-covered staircase.
  4155 | Ossuary  | Entered an ossuary
  4274 | Ossuary  | Reached *** piety under Lugonu
  4301 | Ossuary  | Reached XP level 7. HP: 43/59 MP: 8/8
  4643 | Ossuary  | Noticed Menkaure
  4677 | Ossuary  | Killed Menkaure
  5681 | D:5      | Entered Level 5 of the Dungeon
  5747 | D:4      | Found Echiuje's Magic Scroll Shoppe.
  5798 | D:4      | Found a staircase to the Ecumenical Temple.
  6146 | D:4      | Found a white marble altar of Elyvilon.
  6633 | D:5      | Noticed Blork the orc
  6634 | D:5      | Found a glowing golden altar of the Shining One.
  6657 | D:5      | Killed Blork the orc
  6660 | D:5      | Reached XP level 8. HP: 10/67 MP: 10/10
  6971 | D:5      | Found an ancient bone altar of Kikubaaqudgha.
  6973 | D:5      | Noticed Sigmund
  6982 | D:5      | Killed Sigmund
  7003 | D:5      | Found a shimmering altar of Xom.
  7093 | D:5      | Found a runed translucent door.
  7094 | D:5      | Noticed Crazy Yiuf
  7149 | D:5      | Reached **** piety under Lugonu
  7227 | D:5      | HP: 2/67 [ogre/+0 giant club (19)]
  7889 | D:6      | Found a shattered altar of Ashenzari.
  7920 | D:6      | Reached skill level 5 in Axes
  8078 | D:6      | Reached skill level 5 in Fighting
  8078 | D:6      | Reached skill level 5 in Armour
  8078 | D:6      | Reached skill level 5 in Invocations
  8745 | D:6      | Found a burning altar of Makhleb.
  8747 | D:6      | Found an iron altar of Okawaru.
  8808 | D:7      | Reached XP level 9. HP: 69/74 MP: 11/11
  8943 | D:7      | HP: 3/74 [poisoned by a killer bee]
  8949 | D:7      | HP: 3/74 [poisoned by a killer bee]
  8954 | D:7      | HP: 2/74 [poisoned by a killer bee]
  8962 | D:7      | HP: 2/74 [poisoned by a killer bee]
 10303 | D:7      | Mangled by a wyvern

Skill      XL: |  1  2  3  4  5  6  7  8  9 |
---------------+----------------------------+-----
Axes           | 2 3 4 5 6 |  6.1
Dodging        | 1 2 3 |  3.6
Armour         | 2 3 4 5 6 |  6.1
Invocations    | 3 4 5 |  5.7
Fighting       | 4 5 |  5.4

Action                   |  1- 3 |  4- 6 |  7- 9 || total
-------------------------+-------+-------+-------++-------
Melee: Hand axe          |   126 |   181 |   441 ||   748
       Kick              |    19 |    50 |   142 ||   211
Invok: Depart the Abyss  |     1 |       |       ||     1
       Banish            |       |       |     3 ||     3
  Use: Scroll            |     3 |     9 |    14 ||    26
       Potion            |     1 |     2 |     6 ||     9
  Eat: Chunk             |       |     8 |    12 ||    20
       Ration            |       |       |     2 ||     2
Armor: Scale mail        |   113 |       |       ||   113
       Chain mail        |     7 |   120 |   287 ||   414
Dodge: Dodged            |    59 |    46 |   117 ||   222
